Map: 2000 Atmospheres LE

Players

Sheridan

  • Race: Terran Terran
  • League: Gold

Throwfordays - Winner!

  • Race: Terran Terran
  • League: Gold

VOD

Have the link to the VOD?

Description

Time

  • Played on: Aug. 27, 2021, 9:54 p.m.
  • Length: 4:49
Show
View Real Time Build Order
Export as new Build Order

Sheridan Terran 

Build Orders: Command Center First (CC) 

Get SALT Encoding   

  12  0:01  SCV  
  13  0:13  SCV  
  14  0:25  SCV  
  15  0:29  Supply Depot  
  15  0:50  SCV  
  16  1:03  SCV, Command Center  
  17  1:19  Barracks  
  17  1:23  SCV  
  18  1:38  Barracks  
  18  1:41  SCV  
  18  1:46  Refinery  
  19  1:53  SCV  
  20  1:58  Supply Depot  
  20  2:08  Marine  
  20  2:12  Orbital Command  
  21  2:17  Unknown  
  21  2:18  SCV  
  22  2:26  Marine  
  22  2:28  Bunker  
  23  2:30  SCV  
  23  2:38  Marine  
  23  2:44  Marine  
  23  2:50  Supply Depot  
  23  2:56  Marine  
  24  3:02  Marine  
  23  3:14  Marine  
  24  3:20  Marine  
  25  3:32  Marine  
  26  3:37  Command Center  
  26  3:41  Orbital Command  
  24  3:57  Marine x2  
  22  4:14  Marine  
Show
View Real Time Build Order
Export as new Build Order

Throwfordays Terran - Winner!

Build Orders:  

Get SALT Encoding   

  12  0:00  SCV  
  13  0:16  Supply Depot  
  13  0:17  SCV  
  14  0:24  Refinery  
  14  0:39  Barracks  
  14  0:41  SCV  
  15  0:53  SCV  
  16  1:05  SCV  
  16  1:08  Barracks  
  17  1:16  Supply Depot  
  17  1:21  SCV  
  18  1:26  Reaper  
  19  1:35  SCV  
  20  1:43  Barracks  
  20  1:54  Supply Depot  
  20  1:56  SCV  
  20  1:59  Reaper  
  22  2:03  Reaper  
  23  2:12  SCV  
  24  2:24  SCV  
  25  2:50  Reaper x2  
  25  2:51  Reaper  
  27  3:14  Refinery  
  26  3:21  SCV  
  26  3:22  Reaper  
  26  3:23  Reaper  
  29  3:34  SCV  
  30  3:46  Reaper, SCV  
  32  4:12  Reaper x2  
Tags
 
Add a new tag
Caveats
  • Supply blocks, unpowered buildings, or Contaminate may cause inaccurate times.
  • Supply counts are checked every 10 seconds.